 Dungeon Crawl Stone Soup version 0.17-a0-1714-g35622ae (webtiles) character file.

22397 matakusis the Blocker (level 12, -13/70 HPs)
             Began as a Demonspawn Gladiator on Aug 23, 2015.
             Was a High Priest of Dithmenos.
             Killed by divine providence
             ... invoked by Saint Roka
              (14 damage)
             ... on level 4 of the Orcish Mines.
             The game lasted 01:39:45 (18366 turns).

matakusis the Blocker (Demonspawn Gladiator)       Turns: 18366, Time: 01:39:45

Health: -13/70     AC: 12    Str: 20    XL:     12   Next: 62%
Magic:  13/13      EV: 22    Int:  9    God:    Dithmenos [*****.]
Gold:   850        SH: 19    Dex: 29    Spells: 0 memorised, 11 levels left

rFire  + . .     SeeInvis +     l - +1 hand axe (venom)
rCold  + + .     Clarity  +     A - +0 leather armour "Trusted Companion" {rPois rC++ Dex-2}
rNeg   . . .     SustAt   .     C - +0 large shield
rPois  +         Gourm    .     (helmet unavailable)
rElec  .         Spirit   .     F - +1 cloak
rCorr  .         Warding  .     m - +2 pair of gloves "Tat Quxt" {*Confuse Dex+6 Slay+3 SInv}
rMut   .         Stasis   .     y - +2 pair of boots
MR     .....                    N - amulet of clarity
Stlth  +++++++...               (no ring)
                                M - ring of see invisible

@: wreathed by umbra, not resistant to hostile enchantments, extremely stealthy
A: beak, horns 3, thin skeletal structure 2, agile 1, berserk 1, fire resistance
1, frail 1, high mp 1, nightstalker 1, sense surroundings 1, strong 2, flame
cloud immunity
a: Shadow Step, Shadow Form, Renounce Religion


You were on level 4 of the Orcish Mines.
You worshipped Dithmenos.
Dithmenos was extremely pleased with you.
You were hungry.

You visited 5 branches of the dungeon, and saw 16 of its levels.
You also visited: Sewer.

You collected 1791 gold pieces.
You spent 941 gold pieces at shops.

Inventory:

Hand weapons
 h - a +0 dagger
 l - a +1 hand axe of venom (weapon)
 x - a +1 trident of distortion
 P - a +2 hand axe of freezing
Missiles
 a - 7 tomahawks of returning
 E - a tomahawk of dispersal (quivered)
Armour
 m - the +2 pair of gloves "Tat Quxt" (worn) {*Confuse Dex+6 Slay+3 SInv}
   (You bought it in a shop on level 4 of the Orcish Mines)

   It affects your dexterity (+6).
   It affects your accuracy and damage with ranged weapons and melee attacks
   (+3).
   It lets you see invisible.
   It may confuse you when you take damage.
 t - a +0 plate armour of fire resistance
 y - a +2 pair of boots (worn)
 A - the +0 leather armour "Trusted Companion" (worn) {rPois rC++ Dex-2}
   (You bought it in a shop on level 6 of the Dungeon)

   It affects your dexterity (-2).
   It greatly protects you from cold.
   It protects you from poison.
 C - a +0 large shield (worn)
 F - a +1 cloak (worn)
Jewellery
 M - a ring of see invisible (left hand)
 N - an amulet of clarity (around neck)
Magical devices
 c - a wand of magic darts (26)
 d - a wand of teleportation (0)
 k - a wand of digging (14)
 u - a wand of disintegration (18)
 z - a wand of lightning (11)
 G - a wand of fire (11)
Scrolls
 f - a scroll of blinking
 i - 4 scrolls of fear
 j - 9 scrolls of remove curse
 p - 2 scrolls of enchant weapon
 s - a scroll of fog
 v - 2 scrolls of recharging
 H - a scroll of amnesia
 Q - a scroll of enchant armour
Potions
 n - 3 potions of brilliance
 q - a potion of magic
 B - a potion of cure mutation
Books
 D - a book of Air

   Spells                             Type                      Level
   a - Shock                          Conjuration/Air              1
   b - Swiftness                      Charms/Air                   2
   c - Repel Missiles                 Charms/Air                   2
   d - Static Discharge               Conjuration/Air              3
   e - Lightning Bolt                 Conjuration/Air              5
Comestibles
 b - 2 meat rations
 e - 8 bread rations
 g - 3 chunks of flesh
 o - 6 fruits
 r - a royal jelly


   Skills:
 - Level 2.0 Fighting
 + Level 10.6 Axes
 - Level 1.7 Throwing
 + Level 5.5 Armour
 + Level 10.8 Dodging
 * Level 11.7 Shields


You had 11 spell levels left.
You didn't know any spells.

Dungeon Overview and Level Annotations

Branches:
Dungeon (9/15)             Temple (1/1) D:7            Lair (1/8) D:8
    Orc (4/4) D:9             Elf (1/3) Orc:3

Altars:
Ashenzari
Cheibriados
Dithmenos
Elyvilon
Fedhas
Gozag
Kikubaaqudgha
Makhleb
Nemelex Xobeh
Okawaru
Qazlal
Ru
Sif Muna
Trog
Vehumet
Xom
Yredelemnul
Zin
The Shining One
Beogh

Shops:
D:6 [   Orc:1 (   Orc:3 [   Orc:4 [[

Annotations:
Orc:4 Saint Roka


Innate Abilities, Weirdness & Mutations

You have a pair of large horns on your head.
You have a moderately thin skeletal structure (Dex +4, Stealth+).
Your flesh is heat resistant.
You are slightly more attuned to the shadows.
You are immune to clouds of flame.
You have a beak for a mouth.
You are agile. (Dex +2)
You tend to lose your temper in combat.
You are frail (-10% HP).
You have an increased reservoir of magic (+10% MP).
You passively map a small area around you.
Your muscles are very strong. (Str +4)


Message History

You hit Saint Roka but do no damage.
Saint Roka is lightly wounded.
You block Saint Roka's attack.
You hit Saint Roka but do no damage. You peck Saint Roka, but do no damage.
Saint Roka is lightly wounded.
Saint Roka calls down the wrath of Beogh upon you.
Something smites you!
You hit Saint Roka. You headbutt Saint Roka.
Saint Roka is moderately wounded.
Saint Roka hits you with a battleaxe!
You hit Saint Roka but do no damage. You peck Saint Roka, but do no damage.
Saint Roka is moderately wounded.
You barely miss Saint Roka. You peck Saint Roka, but do no damage.
Saint Roka is moderately wounded.
Saint Roka hits you with a battleaxe!!
* * * LOW HITPOINT WARNING * * *
You emit a cloud of dark smoke.
Saint Roka calls down the wrath of Beogh upon you.
Something smites you!
You die...

8...8o####)').#.....####)##8.....
......'..).#[.#..⌠..#.)#..'......
8...8.####.####..)..#..))##8.....
..oo..####.......)).#.)#.####....
......#.[####[#####.####.#..#....
..#...#..'..[)#.(.#......'..#....
.##..##(.#..[[#...#.######..#..).
. ...#####..)§##'##.# ** ####....
, #......§o§@...# * #....) *
#.#####§###.### .## #...[[ ,
#.#..#...##.# ....* ##....
#.'..#...##.###... * ##... , *
###..######'#....# ,####... *
########.....######.#...# ,
##.##..........#.#..##. , ,
##.##............##.##.. *
##.........)......#####..


You could see Saint Roka.

Vanquished Creatures
  2 orc warlords
  Maud (Orc:4)
  An ogre mage (Orc:4)
  An orc high priest (Orc:3)
  4 orc knights
  3 orc sorcerers (Orc:4)
  An elephant (D:8)
  A gargoyle (D:9)
  2 two-headed ogres (Orc:4)
  5 trolls
  Sigmund (D:4)
  A yak (D:8)
  Eustachio (D:4)
  2 hippogriffs (D:9)
  Menkaure (D:4)
  Edmund (D:5)
  A water moccasin (D:8)
  A warg (Orc:4)
  A necrophage (D:8)
  46 orc warriors
  5 sky beasts
  10 ogres
  3 centaurs
  2 crocodiles (D:8)
  A phantom (D:8)
  6 giant frogs
  A water moccasin zombie (D:8)
  A scorpion (D:5)
  A water moccasin skeleton (D:9)
  4 killer bees (D:8)
  3 wights (D:8)
  2 crimson imps
  27 orc priests
  2 centaur zombies
  A centaur skeleton (D:8)
  2 giant frog skeletons (D:8)
  40 orc wizards
  Crazy Yiuf (D:3)
  Ijyb (D:2)
  3 jellies
  4 iguanas
  Terence (D:3)
  4 hounds
  6 worker ants
  Robin (D:3)
  16 adders
  A river rat (Sewer)
  2 shadow imps
  An ooze (D:4)
  An adder skeleton (D:4)
  2 adder zombies
  4 worms
  The ghost of 4thArraOfDagon the Ducker, a weakling SpFi of the Shining One (D:5)
  7 giant geckos
  251 orcs
  5 ball pythons
  11 giant cockroaches
  18 goblins
  14 hobgoblins
  10 jackals
  9 kobolds
  5 quokkas
  7 bats
  18 giant newts
  13 rats
605 creatures vanquished.

Vanquished Creatures (others)
  Erica (D:8)
  2 orcs (Orc:3)
  2 plants (D:2)
5 creatures vanquished.

Grand Total: 610 creatures vanquished

Notes
Turn   | Place    | Note
--------------------------------------------------------------
     0 | D:1      | matakusis the Demonspawn Gladiator began the quest for the Orb.
     0 | D:1      | Reached XP level 1. HP: 16/16 MP: 1/1
   333 | D:1      | Reached skill level 3 in Dodging
   501 | D:1      | Gained mutation: You have a somewhat thin skeletal structure (Dex +2, Stealth). [demonic ancestry]
   501 | D:1      | Reached XP level 2. HP: 22/22 MP: 2/2
   609 | D:1      | Found a shimmering altar of Xom.
  1168 | D:2      | Gained mutation: You have a moderately thin skeletal structure (Dex +4, Stealth+). [demonic ancestry]
  1168 | D:2      | Reached XP level 3. HP: 24/27 MP: 3/3
  1424 | D:2      | Reached skill level 1 in Armour
  1474 | D:2      | Found a sacrificial altar of Ru.
  1556 | D:2      | Found an iron altar of Okawaru.
  1592 | D:2      | Found a glowing silver altar of Zin.
  1658 | D:2      | Found a stormy altar of Qazlal.
  2023 | D:2      | Reached XP level 4. HP: 28/33 MP: 4/4
  2300 | D:2      | You fall through a shaft!
  2387 | D:3      | Noticed Robin
  2425 | D:3      | Killed Robin
  2589 | D:3      | Noticed Terence
  2598 | D:3      | Killed Terence
  2598 | D:3      | Reached skill level 4 in Dodging
  2598 | D:3      | Gained mutation: You have a pair of small horns on your head. [demonic ancestry]
  2598 | D:3      | Reached XP level 5. HP: 19/38 MP: 5/5
  2753 | D:3      | Found an opulent altar of Gozag.
  2896 | D:2      | Noticed Ijyb
  2924 | D:2      | Killed Ijyb
  3283 | D:3      | Found an opulent altar of Gozag.
  3776 | D:3      | Noticed Crazy Yiuf
  3787 | D:3      | Killed Crazy Yiuf
  4057 | D:3      | Gained mutation: You have a pair of horns on your head. [demonic ancestry]
  4057 | D:3      | Reached XP level 6. HP: 44/44 MP: 6/6
  4535 | D:4      | Found a glowing drain.
  4539 | Sewer    | Entered a sewer
  4881 | D:4      | Noticed Eustachio
  4931 | D:4      | Killed Eustachio
  4931 | D:4      | Reached skill level 5 in Dodging
  4931 | D:4      | Reached XP level 7. HP: 50/50 MP: 7/7
  5419 | D:4      | Noticed Menkaure
  5419 | D:4      | Noticed Sigmund
  5771 | D:4      | Killed Sigmund
  5771 | D:4      | Reached skill level 5 in Axes
  5785 | D:4      | Killed Menkaure
  5785 | D:4      | Reached skill level 6 in Dodging
  5851 | D:5      | Entered Level 5 of the Dungeon
  5919 | D:5      | Gained mutation: You have a pair of large horns on your head. [demonic ancestry]
  5919 | D:5      | Reached XP level 8. HP: 51/56 MP: 8/8
  6018 | D:5      | Noticed Edmund
  6032 | D:5      | Killed Edmund
  6065 | D:5      | Noticed 4thArraOfDagon's ghost (weakling SpFi)
  6098 | D:5      | Killed 4thArraOfDagon's ghost
  6460 | D:5      | Found a burning altar of Makhleb.
  7126 | D:6      | Reached skill level 1 in Shields
  7374 | D:6      | Gained mutation: You are agile. (Dex +2) [mutagenic meat]
  7375 | D:6      | Gained mutation: You have a beak for a mouth. [mutagenic meat]
  7376 | D:6      | Gained mutation: You are resistant to hostile enchantments. [mutagenic meat]
  7377 | D:6      | Gained mutation: You tend to lose your temper in combat. [mutagenic meat]
  7378 | D:6      | Lost mutation: You tend to lose your temper in combat. [mutagenic meat]
  7408 | D:6      | Found Toschett's Antique Armour Shoppe.
  7414 | D:6      | Bought a brightly glowing leather armour for 217 gold pieces
  7424 | D:6      | Identified the +0 leather armour "Trusted Companion" {rPois rC++ Dex-2} (You bought it in a shop on level 6 of the Dungeon)
  7484 | D:6      | Reached skill level 7 in Dodging
  7786 | D:7      | Found a staircase to the Ecumenical Temple.
  7807 | Temple   | Entered the Ecumenical Temple
  8019 | Temple   | Became a worshipper of Dithmenos the Shadowed
  8454 | D:7      | Reached XP level 9. HP: 8/61 MP: 9/9
  8984 | D:7      | Found a basalt altar of Yredelemnul.
  8986 | D:7      | Noticed a profane servitor
  9010 | D:7      | Found a shattered altar of Ashenzari.
  9013 | D:7      | Noticed a centaur zombie
  9074 | D:7      | Gained mutation: You tend to lose your temper in combat. [mutagenic meat]
  9075 | D:7      | Gained mutation: You are frail (-10% HP). [mutagenic meat]
  9076 | D:7      | Gained mutation: You have an increased reservoir of magic (+10% MP). [mutagenic meat]
  9077 | D:7      | Lost mutation: You are resistant to hostile enchantments. [mutagenic meat]
  9078 | D:7      | Gained mutation: Your muscles are strong. (Str +2) [mutagenic meat]
  9090 | D:7      | Killed a centaur zombie
  9129 | D:7      | Found a glowing golden altar of the Shining One.
  9131 | D:7      | Noticed an angel
  9459 | D:8      | Noticed Erica
  9467 | D:8      | Noticed an elephant
  9472 | D:8      | Killed Erica
  9472 | D:8      | Reached skill level 5 in Shields
  9697 | D:8      | Gained mutation: You passively map a small area around you. [mutagenic meat]
  9698 | D:8      | Lost mutation: You tend to lose your temper in combat. [mutagenic meat]
  9699 | D:8      | Gained mutation: You tend to lose your temper in combat. [mutagenic meat]
  9700 | D:8      | Gained mutation: Your muscles are very strong. (Str +4) [mutagenic meat]
  9711 | D:8      | Reached skill level 8 in Dodging
  9774 | D:8      | Gained mutation: Your flesh is heat resistant. [demonic ancestry]
  9774 | D:8      | Reached XP level 10. HP: 40/60 MP: 11/11
 10082 | D:8      | Killed an elephant
 10082 | D:8      | Reached skill level 5 in Armour
 10088 | D:8      | Found a staircase to the Lair.
 10577 | Lair:1   | Entered Level 1 of the Lair of Beasts
 10635 | D:9      | Found a shadowy altar of Dithmenos.
 10735 | D:9      | Found a snail-covered altar of Cheibriados.
 10817 | D:9      | Found a staircase to the Orcish Mines.
 10994 | D:9      | Acquired Dithmenos's first power
 11393 | Orc:1    | Entered Level 1 of the Orcish Mines
 11527 | Orc:1    | Reached skill level 9 in Dodging
 11933 | Orc:3    | Acquired Dithmenos's second power
 12287 | Orc:3    | Noticed an orc warlord
 12319 | Orc:3    | Found Esajoson's Armour Shoppe.
 12525 | Orc:2    | Gained mutation: You are immune to clouds of flame. [demonic ancestry]
 12525 | Orc:2    | Reached XP level 11. HP: 34/64 MP: 12/12
 12665 | Orc:1    | Acquired Dithmenos's third power
 13164 | Orc:2    | Noticed an orc knight
 13202 | Orc:2    | Killed an orc knight
 13519 | Orc:2    | Found a burning altar of Makhleb.
 14025 | Orc:3    | Noticed an orc high priest
 14231 | Orc:3    | Killed an orc warlord
 14376 | Orc:3    | Found a staircase to the Elven Halls.
 14393 | Orc:3    | Killed an orc high priest
 14582 | Elf:1    | Entered Level 1 of the Elven Halls
 14702 | Orc:1    | Found Taror's Weapon Emporium.
 14886 | Orc:4    | Entered Level 4 of the Orcish Mines
 14886 | Orc:4    | Noticed Maud
 14920 | Orc:4    | Acquired Dithmenos's fourth power
 15131 | Orc:4    | Reached skill level 10 in Shields
 15189 | Orc:4    | Reached skill level 10 in Dodging
 15281 | Orc:4    | Killed Maud
 15548 | Orc:4    | Gained mutation: You are slightly more attuned to the shadows. [demonic ancestry]
 15548 | Orc:4    | Reached XP level 12. HP: 44/70 MP: 13/13
 15550 | Orc:4    | Found Soawn's Armour Boutique.
 15553 | Orc:4    | Found Axkoro's Armour Shop.
 15562 | Orc:4    | Bought the +2 pair of gloves "Tat Quxt" {*Confuse Dex+6 Slay+3 SInv} for 724 gold pieces
 15615 | Orc:4    | Found a roughly hewn altar of Beogh.
 15618 | Orc:4    | Reached skill level 10 in Axes
 15938 | Orc:4    | Noticed an ogre mage
 15949 | Orc:4    | Killed an ogre mage
 16022 | Orc:4    | Noticed an orc warlord
 16032 | Orc:4    | Noticed Saint Roka
 16079 | Orc:4    | Killed an orc warlord
 16079 | Orc:4    | Reached skill level 11 in Shields
 17152 | Orc:4    | Paralysed by an orc sorcerer for 5 turns
 18364 | Orc:4    | HP: 1/70 [Saint Roka/battleaxe (33)]
 18366 | Orc:4    | Killed from afar by Saint Roka

Vault maps used:
D:1:      dpeg_arrival_signposts, xom_teletrap_fun
D:2:      kennysheep_goblin_castle, nicolae_overflow_quartered_altars,
          first_bread, minmay_lizard_king
D:3:      kennysheep_big_flooded_room, lemuel_crystal_altar,
          nicolae_gozag_seed_capital, uniq_iyjb, uniq_robin, uniq_terence,
          uniq_crazy_yiuf_cottage
D:4:      gup_sewer_entry_bowl, minmay_liquid_box, roderic_digamma_sauvastika,
          uniq_menkaure, uniq_eustachio, uniq_sigmund
D:5:      kennysheep_mini, due_unseen_surprise, uniq_edmund
D:6:      serial_shops, nicolae_shop_overgrown_old_shop
D:7:      grunt_temple_overflow_holy_war, nicolae_ashenzari_panopticon,
          minmay_temple_entry_trees
D:8:      david_lair_generic, uniq_erica
D:9:      cheibriados_altar_1, orc_0_dummy, basic_altar
Temple:   jpeg_temple_clearing_9
Orc:1:    serial_shops, shop_statue
Orc:2:    nicolae_orc_accident_1, bloody_makhleb
Orc:3:    serial_shops, shop, nicolae_orc_pool_cavern
Orc:4:    pubby_orc_utopia, uniq_saint_roka, uniq_maud, uniq_azrael
Elf:1:    minmay_elf_necromancy
Sewer:    sewer_co_cracked_pipes

Action                   |  1- 3 |  4- 6 |  7- 9 | 10-12 || total
-------------------------+-------+-------+-------+-------++-------
Melee: War axe           |    98 |   290 |   277 |   127 ||   792
       Hand axe          |       |       |       |   840 ||   840
Throw: Throwing net      |       |     3 |     5 |       ||     8
       Tomahawk          |       |       |       |    12 ||    12
Evoke: Wand              |       |       |       |     2 ||     2
  Use: Scroll            |       |    14 |     8 |     5 ||    27
       Potion            |       |     6 |     4 |    13 ||    23
 Stab: Sleeping          |     5 |    11 |    12 |    15 ||    43
       Distracted        |     2 |     2 |       |     4 ||     8
       Held in net/web   |       |       |     2 |       ||     2
       Invisible         |       |       |       |     8 ||     8
  Eat: Chunk             |     3 |    10 |    23 |    29 ||    65
       Royal jelly       |       |       |     1 |       ||     1
       Beef jerky        |       |       |     1 |       ||     1
       Pizza             |       |       |     2 |       ||     2
       Fruit             |       |       |       |     1 ||     1
